Map: Eternal Empire LE

Players

eGGz

  • Race: Zerg Zerg
  • League: Master
  • Spawn Location: 7:00

Cham - Winner!

  • Race: Zerg Zerg
  • League: Grandmaster
  • Spawn Location: 1:00

Event: DreamHack SC2 Masters 2020 Summer Latin America

VOD

Have the link to the VOD?

Description

Time

  • Played on: June 25, 2020, 4:33 p.m.
  • Length: 12:25

All games in this series

Show
View Real Time Build Order
Export as new Build Order

eGGz Zerg 

Build Orders: Hatch First 

Get SALT Encoding   

  12  0:04  Drone  
  13  0:12  Overlord  
  13  0:17  Drone  
  14  0:30  Drone  
  14  0:31  Drone  
  16  0:36  Drone  
  17  0:52  Hatchery  
  17  0:55  Drone  
  17  1:00  Drone  
  18  1:09  Extractor  
  17  1:13  Spawning Pool  
  17  1:16  Drone  
  17  1:24  Drone  
  18  1:34  Drone  
  19  1:52  Overlord  
  19  1:55  Drone  
  19  2:00  Queen  
  22  2:04  Queen  
  22  2:05  Drone  
  22  2:06  Drone  
  26  2:19  Drone  
  26  2:21  Zergling x2  
  28  2:25  Drone x2  
  30  2:33  Metabolic Boost  
  30  2:34  Drone  
  31  2:44  Queen  
  31  2:45  Overlord  
  31  2:46  Drone  
  34  2:54  Evolution Chamber  
  34  2:56  Drone  
  34  3:08  Drone  
  34  3:09  Roach Warren, Zergling x8  
  34  3:10  Zergling x4  
  40  3:17  Zergling x6  
  43  3:22  Zergling x2  
  44  3:28  Overlord  
  44  3:30  Extractor  
  44  3:31  Zergling x2  
  44  3:38  Lair  
  45  3:42  Overlord  
  45  3:48  Zergling x10  
  48  3:49  Zergling x2  
  48  3:55  Zergling x2  
  52  4:00  Drone x2  
  52  4:02  Extractor  
  53  4:03  Extractor  
  53  4:08  Zergling x2  
  53  4:14  Drone x6  
  57  4:19  Drone  
  57  4:23  Drone  
  59  4:35  Drone  
  59  4:37  Overlord  
  59  4:40  Spire  
  59  4:42  Overlord  
  59  4:43  Drone  
  58  4:57  Glial Reconstitution  
  58  4:58  Zerg Missile Weapons Level 1, Extractor  
  57  5:00  Drone x4  
  57  5:02  Drone  
  57  5:03  Drone  
  57  5:04  Drone  
  57  5:06  Drone  
  65  5:10  Drone  
  64  5:23  Overlord  
  64  5:25  Hatchery  
  64  5:26  Roach  
  65  5:34  Roach x2  
  68  5:45  Roach x2  
  71  5:56  Mutalisk x2  
  71  6:01  Mutalisk x2  
  71  6:08  Mutalisk  
  71  6:09  Zergling x10  
  71  6:10  Zergling x2  
  75  6:33  Roach  
  75  6:34  Roach x3  
  83  6:47  Roach x3  
  83  6:50  Overlord  
  83  6:51  Drone  
  90  6:59  Overlord  
  82  7:04  Roach x2  
  82  7:05  Drone x5  
  82  7:06  Zerg Missile Weapons Level 2  
  89  7:09  Roach  
  90  7:17  Roach x2  
  90  7:21  Roach  
  96  7:28  Roach  
  96  7:29  Roach  
  100  7:31  Overlord  
  100  7:33  Roach, Ravager x2  
  100  7:36  Roach  
  106  7:44  Overlord  
  106  7:50  Roach x2  
  106  7:51  Roach x3  
  113  7:56  Overlord x3  
  113  7:57  Overlord  
  112  8:05  Roach x3  
  118  8:06  Roach  
  119  8:16  Roach  
  119  8:17  Roach x6  
  119  8:19  Ravager x2  
  135  8:20  Roach x2  
  135  8:21  Roach x2  
  135  8:25  Roach  
  135  8:26  Roach  
  147  8:37  Roach x2  
  147  8:38  Roach  
  147  8:39  Overlord  
  153  8:44  Overlord  
  151  8:52  Roach x5  
  143  8:57  Roach x2  
  143  8:58  Roach  
  135  9:05  Roach x3  
  135  9:09  Roach x2  
  109  9:21  Roach x2  
  109  9:22  Roach x3  
  105  9:33  Ravager x3  
  105  9:36  Roach x3  
  114  9:40  Roach x2  
  118  9:51  Roach x4  
  119  10:04  Roach x4  
  115  10:17  Roach x4  
  115  10:18  Roach x2  
  109  10:24  Roach x3  
  109  10:27  Ravager  
  114  10:31  Roach  
  114  10:32  Roach  
  118  10:41  Roach x3  
  101  10:52  Drone x4  
  101  10:53  Drone x3  
  101  10:56  Roach  
  110  11:06  Ravager  
  110  11:07  Ravager  
  110  11:09  Overseer  
  112  11:12  Drone x3, Extractor  
  112  11:13  Extractor  
  112  11:14  Roach x3  
  119  11:25  Roach x4  
  127  11:30  Roach  
  127  11:31  Roach  
  131  11:33  Ravager  
  131  11:37  Drone x2  
  135  11:40  Overseer, Drone  
  135  11:43  Drone x2  
  135  11:46  Roach x2  
  141  11:50  Drone x2  
  141  11:53  Drone x2  
  145  11:57  Roach  
  145  12:09  Hatchery  
Show
View Real Time Build Order
Export as new Build Order

Cham Zerg - Winner!

Build Orders: Hatch First, Lurkers, Roach Hydra 

Get SALT Encoding   

  12  0:00  Drone  
  13  0:08  Drone  
  14  0:16  Overlord  
  14  0:35  Drone x2  
  16  0:47  Hatchery  
  15  0:52  Drone  
  15  0:56  Drone  
  17  1:00  Drone  
  18  1:11  Extractor  
  18  1:15  Spawning Pool  
  16  1:18  Drone  
  16  1:22  Drone  
  18  1:29  Drone  
  19  1:41  Drone  
  20  1:50  Drone  
  21  2:01  Overlord  
  21  2:02  Queen x2  
  21  2:05  Zergling x2  
  26  2:12  Drone x2  
  26  2:13  Metabolic Boost  
  28  2:21  Drone  
  29  2:23  Drone  
  30  2:37  Hatchery  
  30  2:43  Drone  
  30  2:46  Baneling Nest  
  29  2:53  Drone x3  
  32  3:05  Drone x3  
  33  3:12  Evolution Chamber, Zergling x4  
  36  3:13  Zergling x2  
  36  3:20  Overlord  
  36  3:39  Drone  
  36  3:40  Drone x3  
  40  3:42  Drone x2  
  40  3:46  Zergling x2  
  43  3:50  Zergling x8  
  43  3:52  Zergling x2  
  48  3:56  Baneling  
  48  4:01  Zergling x4  
  48  4:02  Baneling  
  49  4:10  Baneling x2  
  49  4:12  Drone, Overlord  
  49  4:21  Drone  
  50  4:29  Overlord x2  
  50  4:30  Queen  
  52  4:32  Baneling x2  
  52  4:34  Drone x4  
  52  4:37  Drone x2  
  57  4:39  Overlord x2  
  57  4:40  Overlord  
  57  4:42  Roach Warren  
  57  4:45  Drone  
  57  4:46  Overlord  
  57  4:51  Drone x2  
  59  4:54  Drone  
  59  4:55  Drone x2  
  59  4:56  Queen  
  63  5:00  Queen  
  63  5:03  Zerg Melee Weapons Level 1  
  63  5:07  Evolution Chamber  
  64  5:10  Zergling x2  
  64  5:11  Zergling x8  
  64  5:12  Zergling x2  
  70  5:15  Drone  
  70  5:16  Drone  
  71  5:22  Zergling x2  
  71  5:23  Zergling x6  
  71  5:25  Drone  
  71  5:26  Lair  
  76  5:32  Zergling x4  
  77  5:38  Drone  
  77  5:39  Overlord  
  77  5:40  Drone x2  
  77  5:41  Drone x3, Overlord  
  77  5:42  Pneumatized Carapace  
  83  5:44  Zergling x2  
  83  5:51  Zergling x2  
  83  5:52  Zergling x2  
  83  5:55  Zergling x2  
  85  6:00  Queen  
  85  6:02  Extractor  
  85  6:04  Extractor  
  84  6:06  Drone x4, Extractor  
  84  6:07  Drone x4  
  91  6:12  Zergling x2  
  91  6:13  Zergling x4  
  91  6:14  Overlord  
  93  6:23  Zergling x4  
  93  6:25  Zergling x2, Queen  
  96  6:31  Hydralisk Den  
  96  6:34  Drone  
  96  6:35  Drone x5, Queen  
  104  6:41  Drone x2, Infestation Pit  
  104  6:42  Drone  
  104  6:44  Drone  
  104  6:46  Spore Crawler  
  104  6:48  Spore Crawler  
  104  6:49  Drone x2, Spore Crawler x2  
  104  6:53  Hatchery  
  96  6:55  Drone x4  
  94  7:01  Zergling x4  
  94  7:02  Zergling x4  
  94  7:03  Zergling x2  
  94  7:07  Zerg Melee Weapons Level 2  
  95  7:09  Extractor  
  95  7:10  Zergling x2, Extractor  
  95  7:11  Zergling x2  
  94  7:18  Hive  
  94  7:20  Zerg Missile Weapons Level 1, Hydralisk  
  94  7:22  Overlord x2  
  96  7:29  Drone  
  97  7:30  Zergling x12  
  97  7:33  Hatchery  
  97  7:37  Overlord x2  
  102  7:41  Overlord x2  
  102  7:44  Grooved Spines  
  102  7:49  Roach x2  
  102  7:50  Glial Reconstitution  
  106  7:55  Roach x2  
  109  7:58  Roach x2  
  109  8:01  Hydralisk  
  115  8:06  Drone x2  
  115  8:09  Lurker Den  
  116  8:13  Drone x3  
  116  8:19  Hydralisk  
  111  8:20  Hydralisk  
  111  8:21  Roach x4  
  111  8:22  Roach  
  111  8:24  Overlord  
  123  8:28  Roach x2  
  123  8:32  Overlord  
  123  8:33  Baneling x4  
  127  8:36  Roach  
  127  8:37  Roach  
  127  8:41  Roach x2  
  135  8:45  Roach x2  
  135  8:46  Unknown  
  136  8:54  Roach x4  
  141  8:55  Roach  
  141  8:56  Muscular Augments  
  141  8:57  Roach x2  
  126  9:03  Roach  
  126  9:07  Roach  
  126  9:08  Roach x2  
  123  9:15  Roach  
  110  9:17  Hydralisk x4  
  116  9:25  Hydralisk x4  
  116  9:30  Drone x2  
  126  9:36  Hydralisk x2  
  130  9:40  Hydralisk  
  130  9:41  Hydralisk  
  134  9:51  Roach x3  
  132  9:54  Roach  
  132  9:56  Roach  
  132  9:57  Roach x3  
  132  9:58  Roach  
  129  10:01  Roach x2  
  129  10:02  Roach  
  129  10:03  Roach  
  129  10:05  Roach  
  127  10:08  Roach x2  
  127  10:14  Roach  
  120  10:17  Roach  
  120  10:18  Roach  
  120  10:19  Roach  
  113  10:22  Lurker x2  
  113  10:24  Roach  
  113  10:27  Queen  
  119  10:31  Roach x3  
  125  10:40  Roach x3  
  125  10:41  Roach x2  
  129  10:49  Hydralisk  
  123  10:50  Hydralisk x3  
  123  10:56  Lurker x2  
  133  10:58  Roach x2  
  133  11:01  Roach x2  
  141  11:09  Zergling x4  
  141  11:10  Zergling x2  
  141  11:11  Hydralisk  
  144  11:20  Hydralisk x2  
  144  11:25  Hydralisk x2  
  148  11:30  Roach x2  
  148  11:31  Roach  
  148  11:32  Roach  
  160  11:33  Lurker  
  160  11:38  Roach x3  
  166  11:41  Roach  
  168  11:53  Roach x2  
  172  11:57  Hydralisk  
  172  11:58  Hydralisk  
  174  12:03  Roach  
  174  12:04  Roach x2  
Tags
 
Add a new tag
Caveats
  • Supply blocks, unpowered buildings, or Contaminate may cause inaccurate times.
  • Supply counts are checked every 10 seconds.